 Dungeon Sprint DCSS version 0.31.0-9-g3a7656b989 (webtiles) character file.

Game seed: 1608784194583298259

1165 Heoruswealwe the Impaler (level 8, -4/82 HPs)
             Began as a Minotaur Fighter on Feb 2, 2024.
             Was an Initiate of Gozag.
             Slain by an eight-headed hydra (11 damage)
             ... in the Dungeon (Sprint IX: "|||||||||||||||||||||||||||||").
             The game lasted 00:02:04 (184 turns).

Heoruswealwe the Impaler (Minotaur Fighter)          Turns: 184, Time: 00:02:04

Health: -4/82      AC: 23    Str: 23    XL:     8   Next: 17%
Magic:  7/7        EV:  7    Int:  5    God:    Gozag
Gold:   513        SH:  0    Dex: 10    Spells: 7/7 levels left

rFire   . . .        b - +2 halberd (protect)
rCold   . . .        (shield currently unavailable)
rNeg    . . .        c - +0 plate armour
rPois   .            (helmet restricted)
rElec   .            h - +0 cloak
rCorr   .            (no gloves)
SInv    .            (no boots)
Will    .....        (no amulet) Stlth
                     (no ring)
HPRegen 0.33/turn    (no ring)
MPRegen 0.10/turn

%: no teleportation
@: under a protective aura
A: horns 2, retaliatory headbutt
a: Renounce Religion, Potion Petition, Call Merchant, Bribe Branch


You were in the Dungeon.
You worshipped Gozag.
Gozag was pleased with you.
You visited 1 branch You collected 513 gold pieces.

Inventory:

Hand Weapons
 a - a +0 trident
 b - a +2 halberd of protection (weapon)
Armour
 c - a +0 plate armour (worn)
 d - a +0 buckler
 h - a +0 cloak (worn)
Wands
 l - a wand of acid (10)
Scrolls
 j - 2 scrolls of blinking
Potions
 e - 4 potions of curing
 f - 2 potions of heal wounds
 g - a potion of haste
 i - a potion of berserk rage
 k - a potion of might


   Skills:
 + Level 11.4 Fighting
 * Level 15.1 Polearms
 + Level 11.4 Armour
 - Level 3.6 Shields


You had 7 spell levels left.
You didn't know any spells.
Your spell library was empty.

Dungeon Overview and Level Annotations

Branches:
Dungeon (1/1)

Altars:
Cheibriados
Dithmenos
Elyvilon
Fedhas
Gozag
Hepliaklqana
Kikubaaqudgha
Makhleb
Nemelex Xobeh
Okawaru
Qazlal
Ru
Sif Muna
Trog
Uskayaw
Vehumet
Wu Jian
Xom
Yredelemnul
Zin
The Shining One
Jiyva
Lugonu


Innate Abilities, Weirdness & Mutations

You have a pair of horns on your head.
You reflexively headbutt those who attack you in melee.


Message History

Your Polearms skill increases to level 15!
You now have enough gold to petition Gozag for potion effects.
You now have 513 gold pieces.
There is an open door to the Dungeon, spattered with blood here.
Things that are here:
a +0 giant spiked club; a +0 giant spiked club You open the door.
A meliai, 2 hydras, 2 boulder beetles and an acid dragon come into view.
The meliai buzzes angrily.
The six-headed hydra roars!
The four-headed hydra roars!
The acid dragon roars!
You barely miss the four-headed hydra. You headbutt the four-headed hydra.
The four-headed hydra is lightly wounded.
The four-headed hydra bites you but does no damage.
The four-headed hydra bites you!
* * * LOW HITPOINT WARNING * * *
The four-headed hydra closely misses you.
The four-headed hydra bites you but does no damage.
You slice one of the four-headed hydra's heads off!
The three-headed hydra grows two more!
You impale the five-headed hydra!!
Your weapon exudes an aura of protection.
The five-headed hydra is moderately wounded.
You hack one of the five-headed hydra's heads off!
The four-headed hydra grows two more!
You slash the six-headed hydra! You headbutt the six-headed hydra!
The six-headed hydra is heavily wounded.
The six-headed hydra bites you but does no damage. x4
The six-headed hydra bites you.
* * * LOW HITPOINT WARNING * * *
The six-headed hydra bites you but does no damage.
You chop one of the six-headed hydra's heads off!
The five-headed hydra grows two more!
You slice the seven-headed hydra!! You headbutt the seven-headed hydra.
The seven-headed hydra is severely wounded.
The seven-headed hydra bites you but does no damage. x7
You hack one of the seven-headed hydra's heads off!
The six-headed hydra grows two more!
You slash the eight-headed hydra!
The eight-headed hydra is severely wounded.
The boulder beetle leaps!
The eight-headed hydra bites you!
You die...
Your body crumbles into a pile of gold. ▓▓▓▓▓▓▓▓▓▓▓▓▓▓▓▓▓▓▓▓▓▓▓▓ BByDD○D@.....)..=[=[)?!' ▓▓▓▓▓▓▓▓▓▓▓▓▓▓▓▓▓▓▓▓▓▓▓▓

You could see 2 boulder beetles, an eight-headed hydra, a six-headed hydra, an acid dragon and a meliai.

Vanquished Creatures
  A two-headed ogre (D)
  2 yaks (D)
  A wraith (D)
  A scorpion (D)
  A killer bee (D)
  A howler monkey (D)
  A gnoll (D)
  An adder (D)
  An ufetubus (D)
  An endoplasm (D)
  A quokka (D)
  2 ball pythons (D)
  A frilled lizard (D)
  A rat (D)
16 creatures vanquished.

Notes
Turn   | Place    | Note
-------+----------+-------------------------------------------
     0 | D        | Heoruswealwe the Minotaur Fighter began the quest for the
                  | Orb.
     0 | D        | Reached XP level 1. HP: 19/19 MP: 0/0
     5 | D        | Reached skill level 3 in Polearms
    19 | D        | Noticed a scorpion
    23 | D        | Reached skill level 4 in Polearms
    23 | D        | Reached XP level 2. HP: 28/28 MP: 1/1
    25 | D        | Reached skill level 5 in Polearms
    29 | D        | Reached skill level 5 in Fighting
    29 | D        | Reached skill level 5 in Armour
    29 | D        | Reached XP level 3. HP: 30/36 MP: 2/2
    40 | D        | Killed a scorpion
    41 | D        | Reached skill level 7 in Polearms
    41 | D        | Reached XP level 4. HP: 15/44 MP: 3/3
    47 | D        | Found a snail-covered altar of Cheibriados.
    47 | D        | Found a shadowy altar of Dithmenos.
    47 | D        | Found a white marble altar of Elyvilon.
    47 | D        | Found a blossoming altar of Fedhas.
    47 | D        | Found an opulent altar of Gozag.
    48 | D        | Found a hazy altar of Hepliaklqana.
    49 | D        | Found a viscous altar of Jiyva.
    50 | D        | Found an ancient bone altar of Kikubaaqudgha.
    51 | D        | Found a corrupted altar of Lugonu.
    52 | D        | Found a burning altar of Makhleb.
    53 | D        | Found a sparkling altar of Nemelex Xobeh.
    54 | D        | Found an iron altar of Okawaru.
    55 | D        | Became a worshipper of Gozag Ym Sagoz the Greedy
    56 | D        | Found a stormy altar of Qazlal.
    57 | D        | Found a sacrificial altar of Ru.
    58 | D        | Found a shimmering blue altar of Sif Muna.
    59 | D        | Found a bloodstained altar of Trog.
    60 | D        | Found a hide-covered altar of Uskayaw.
    61 | D        | Found a radiant altar of Vehumet.
    62 | D        | Found an ornate altar of the Wu Jian Council.
    63 | D        | Found a shimmering altar of Xom.
    64 | D        | Found a basalt altar of Yredelemnul.
    65 | D        | Found a glowing silver altar of Zin.
    66 | D        | Found a glowing golden altar of the Shining One.
   148 | D        | Noticed a yak
   148 | D        | Noticed a yak
   148 | D        | Noticed a wraith
   148 | D        | Noticed a two-headed ogre
   153 | D        | Killed a two-headed ogre
   154 | D        | Reached skill level 10 in Fighting
   154 | D        | Reached skill level 13 in Polearms
   154 | D        | Reached skill level 10 in Armour
   154 | D        | Reached XP level 5. HP: 11/58 MP: 4/4
   154 | D        | Reached XP level 6. HP: 13/66 MP: 5/5
   154 | D        | Reached XP level 7. HP: 14/72 MP: 6/6
   157 | D        | Killed a wraith
   158 | D        | Reached skill level 14 in Polearms
   162 | D        | Killed a yak
   167 | D        | Reached XP level 8. HP: 20/82 MP: 7/7
   171 | D        | Reached skill level 15 in Polearms
   179 | D        | Noticed a meliai
   179 | D        | Noticed a boulder beetle
   179 | D        | Noticed a six-headed hydra
   179 | D        | Noticed a four-headed hydra
   179 | D        | Noticed a boulder beetle
   184 | D        | Slain by an eight-headed hydra

Illustrated notes

Levels and vault maps discovered:
D:        linesprint [early_d, line_temple, items_1, d_10, items_2, lair_1,
          lair_end, items_3, orc_1, orc_end, items_4, d_15, swamp_1, shoals_1,
          snake_1, spider_1, d_20, vaults_1, items_5, swamp_end, shoals_end,
          snake_end, spider_end, vaults_end, d_27, items_6, zot_1, zot_end,
          crypt_end, forest_end, elf_end, slime_end, tomb_end, abyss_end,
          pan_hell_end]

Skill      XL: |  1  2  3  4  5  6  7  8 |
---------------+-------------------------+-----
Polearms       | 4 5 7 13 14 15 | 15.1
Fighting       | 4 5 6 10 11 | 11.4
Armour         | 4 5 6 10 11 | 11.4
Shields        | |  3.6

Action                     |  1- 3 |  4- 6 |  7- 9 || total
---------------------------+-------+-------+-------++-------
  Melee: Trident           |    29 |       |       ||    29
         Headbutt          |     5 |     1 |     7 ||    13
         Halberd           |       |     5 |    20 ||    25
    Use: Potion            |     1 |       |     1 ||     2
 Armour: Scale mail        |    16 |       |       ||    16
         Plate armour      |       |     6 |    24 ||    30
  Dodge: Dodged            |    10 |       |     6 ||    16
  Block: Buckler           |     3 |       |       ||     3
